 Dungeon Crawl Stone Soup version 0.32-a0-913-g739538afd8 (webtiles) character file.

Game seed: 556080102604967131

288 Doorstop00 the Covered (level 6, 0/38 HPs)
             Began as a Gargoyle Fighter on Apr 8, 2024.
             Constricted to death by Ijyb (3 damage)
             ... on level 3 of the Dungeon.
             The game lasted 00:06:32 (1914 turns).

Doorstop00 the Covered (Gargoyle Fighter)           Turns: 1914, Time: 00:06:32

Health: 0/38       AC: 11    Str: 21    XL:     6   Next: 31%
Magic:  6/6        EV: -1    Int:  9    God:
Gold:   132        SH:  4    Dex:  9    Spells: 5/5 levels left

rFire   . . .        a - +0 flail
rCold   + . .        c - +0 buckler
rNeg    + . .        b - +0 scale mail
rPois   ∞            (no helmet)
rElec   +            (no cloak)
rCorr   .            (no gloves)
SInv    .            (no boots)
Will    .....        (no amulet) Stlth
                     f - ring of protection from cold
HPRegen 0.26/turn    (no ring)
MPRegen 0.10/turn

%: no passive effects
@: mighty, grasped by roots, constricted
A: sickness immunity, AC +4, negative energy resistance 1, electricity
resistance, torment resistance 1, petrification resistance
a: no special abilities


You were on level 3 of the Dungeon.
You visited 1 branch of the dungeon, and saw 3 of its levels.

You collected 132 gold pieces.

Inventory:

Hand Weapons
 a - a +0 flail (weapon)
Armour
 b - a +0 scale mail (worn)
 c - a +0 buckler (worn)
Jewellery
 f - a ring of protection from cold (left hand)
Scrolls
 e - a scroll of fear {unknown}
Potions
 d - a potion of might
 g - a potion of berserk rage {unknown}
 h - a potion of curing
 i - a potion of enlightenment {unknown}
 j - a potion of degeneration {unknown}


   Skills:
 * Level 4.1 Fighting
 * Level 4.1 Maces & Flails
 * Level 4.4 Armour
 * Level 1.4 Dodging
 * Level 4.3 Shields


You had 5 spell levels left.
You didn't know any spells.
Your spell library contained the following spells:

 Spells                   Type           Power      Damage    Failure   Level
 Magic Dart               Conj           0%         1d3       78%         1
 Blink                    Tloc           0%         N/A       89%         2
 Call Imp                 Summ           0%         N/A       89%         2
 Summon Hydra             Summ           0%         N/A       100%        7
 Sublimation of Blood     Necr           Unusable   N/A       N/A         2

Dungeon Overview and Level Annotations

Branches:
Dungeon (3/15)

Altars:

Annotations:
D:3 Ijyb, Natasha


Innate Abilities, Weirdness & Mutations

You are immune to sickness and miasma.
Your stone body is resilient. (AC +4)
You are immune to poison.
You resist negative energy. (rN+)
You are resistant to electric shocks. (rElec)
You are resistant to unholy torment.
You are immune to petrification.


Message History

The endoplasm attacks as it pursues you!
The endoplasm barely misses you.
The cerulean imp attacks as it pursues you!
The cerulean imp hits you from afar with a +2 spear.
* * * LOW HITPOINT WARNING * * *
The cerulean imp disappears in a puff of smoke!
You block Natasha's attack. Natasha attacks as she pursues you!
Natasha barely misses you.
The endoplasm jiggles.
Ijyb stops to check on her wand.
The endoplasm attacks as it pursues you!
The endoplasm completely misses you.
Natasha mewls in sadness.
Ijyb zaps a wand.
The roots erupt in riotous growth!
The endoplasm is unaffected.
The grasping roots grab you!
Natasha is unaffected.
The grasping roots constrict you.
* * * LOW HITPOINT WARNING * * *
You hear a shout!
The roots' grasp on you weakens, but your attempt to escape fails.
The endoplasm hits you but does no damage.
The grasping roots constrict you. Natasha claws you but does no damage.
The roots' grasp on you weakens, but your attempt to escape fails.
The endoplasm freezes you.
You are frozen.
You resist.
* * * LOW HITPOINT WARNING * * *
The grasping roots constrict you.
* * * LOW HITPOINT WARNING * * *
You block Natasha's attack.
You escape the roots' grasp.
Ijyb zaps a wand.
The roots erupt in riotous growth!
The endoplasm is unaffected.
The grasping roots grab you!
Natasha is unaffected.
The grasping roots constrict you.
The roots' grasp on you weakens, but your attempt to escape fails.
The endoplasm freezes you.
You are frozen.
You resist.
* * * LOW HITPOINT WARNING * * *
The grasping roots constrict you.
You die...
Ijyb screams, "Time for next experiment!"

..................
.....#'#..#.....#..#..
..<.............#......
......................
..#..#.#..#...#.#..#.# .#
<.#................#.##.# #....
.....<....#...#.#.......... ....
..#..#..................... ....
.......##.#..÷..@..#.# #.# ##...
..............#.#Jh..# ... ....
..#..#.##.#...#.#g.#.# #.# #...
..#..#.####.).#.#..#.# #.# #...
..#..#.####...#.#..#.####.####...
................#....g...........
...................#.####...?....
.....#..#.#...#.#..#.####........
.................................


You could see Ijyb, Natasha and an endoplasm.

Vanquished Creatures
  Grinder (D:3)
  3 adders
  2 dart slugs (D:1)
  2 orcs (D:3)
  5 bats
  An endoplasm (D:1)
  2 giant cockroaches
  5 goblins
  5 hobgoblins
  7 jackals (D:1)
  A quokka (D:1)
  7 ball pythons
  7 frilled lizards
  6 kobolds
  7 rats
61 creatures vanquished.

Notes
Turn   | Place    | Note
-------+----------+-------------------------------------------
     0 | D:1      | Doorstop00 the Gargoyle Fighter began the quest for the
                  | Orb.
     0 | D:1      | Reached XP level 1. HP: 14/14 MP: 1/1
    65 | D:1      | Reached XP level 2. HP: 19/19 MP: 2/2
   169 | D:1      | Reached XP level 3. HP: 23/23 MP: 3/3
   915 | D:2      | Reached XP level 4. HP: 28/28 MP: 4/4
  1732 | D:3      | Noticed Grinder
  1736 | D:3      | Paralysed by Grinder for 2 turns
  1746 | D:3      | Paralysed by Grinder for 4 turns
  1752 | D:3      | Paralysed by Grinder for 5 turns
  1760 | D:3      | Killed Grinder
  1761 | D:3      | Reached skill level 1 in Dodging
  1761 | D:3      | Reached XP level 5. HP: 4/33 MP: 5/5
  1761 | D:3      | Reached XP level 6. HP: 5/38 MP: 6/6
  1875 | D:3      | Noticed Ijyb
  1882 | D:3      | Noticed Natasha
  1914 | D:3      | Constricted to death by Ijyb

Illustrated notes

Levels and vault maps discovered:
D:1:      nicolae_arrival_memento_mori, layout_loops_ring
D:2:      layout_basic
D:3:      layout_basic, uniq_natasha, uniq_grinder, uniq_ijyb

Skill      XL: |  1  2  3  4 |
---------------+-------------+-----
Maces & Flails | 4 |  4.1
Fighting       | 4 |  4.1
Armour         | 4 |  4.4
Dodging        | 1 |  1.4
Shields        | 4 |  4.3

Action                     |  1- 3 |  4- 6 || total
---------------------------+-------+-------++-------
  Melee: Flail             |   160 |    93 ||   253
    Use: Scroll            |       |     1 ||     1
         Potion            |       |     1 ||     1
 Armour: Scale mail        |   177 |   106 ||   283
  Dodge: Dodged            |    89 |    50 ||   139
  Block: Buckler           |    43 |    24 ||    67

Table legend: (Time is in decaauts)
 A = Elapsed time spent in this place.
 B = Non-inter-level travel time spent in this place.
 C = Inter-level travel time spent in this place.
 D = Time resting spent in this place.
 E = Time spent auto-exploring this place.
 F = Levels seen in this place.
 G = Mean time per level.
                   A        B        C        D        E       F      G
               +--------+--------+--------+--------+--------+-----+--------+
         Total |   1989 |   1989 |      0 |    115 |   1268 |   3 |  663.0 |
       Dungeon |   1989 |   1989 |      0 |    115 |   1268 |   3 |  663.0 |
               +--------+--------+--------+--------+--------+-----+--------+

Top non-repeatable levels by time:
     D:1: 847 daAuts
     D:2: 751 daAuts
     D:3: 390 daAuts
